 Dungeon Crawl Stone Soup version 0.26-b1-25-gafae2e710b (webtiles) character file.

Game seed: 7862450685240195719

4830 roke1 the Grappler (level 10, -4/86 HPs)
             Began as a Ghoul Earth Elementalist on Jan 2, 2021.
             Was a Priest of Okawaru.
             Slain by a polar bear (22 damage)
             ... on level 1 of the Lair of Beasts.
             The game lasted 00:41:31 (12897 turns).

roke1 the Grappler (Ghoul Earth Elementalist)      Turns: 12897, Time: 00:41:32

Health: -4/86      AC: 15    Str: 13    XL:     10   Next: 49%
Magic:  10/12      EV: 13    Int: 13    God:    Okawaru [***...]
Gold:   452        SH:  5    Dex:  9    Spells: 12/13 levels left

rFire    . . .     SeeInvis +     - Unarmed
rCold    + + .     Faith    .   q - +0 buckler
rNeg     + + +     Spirit   .   a - +0 scale mail
rPois    ∞         Reflect  .   t - +0 helmet
rElec    .         Harm     .   g - +2 cloak {Will+}
rCorr    .         Rampage  .   (no gloves)
Will     +....                  n - +1 pair of boots
Stlth    ++........             (no amulet)
HPRegen  0.00/turn              x - ring of see invisible
MPRegen  0.13/turn              G - ring of protection from cold

@: heroism
A: claws 1, cold resistance 1, negative energy resistance 3, inhibited
regeneration, torment resistance, unbreathing
a: Renounce Religion, Heroism


You were on level 1 of the Lair of Beasts.
You worshipped Okawaru.
Okawaru was most pleased with you.
You visited 3 branches of the dungeon, and saw 10 of its levels.
You also visited: Sewer.

You collected 452 gold pieces.

Inventory:

Missiles
 b - 254 stones (quivered)
 p - a throwing net
Armour
 a - a +0 scale mail (worn)
 g - a +2 cloak of willpower (worn)
 n - a +1 pair of boots (worn)
 q - a +0 buckler (worn)
 t - a +0 helmet (worn)
Jewellery
 r - an uncursed ring of fire
 x - a ring of see invisible (left claw)
 G - a ring of protection from cold (right claw)
 H - an uncursed ring of resist corrosion {unknown}
 I - a +4 ring of protection {unknown}
Wands
 f - a wand of random effects (18)
 s - a wand of flame (12)
 E - a wand of iceblast (16)
Scrolls
 c - a scroll of enchant weapon
 d - 2 scrolls of amnesia
 e - 5 scrolls of magic mapping
 i - 2 scrolls of fog
 k - a scroll of blinking
 l - 2 scrolls of teleportation
 v - 2 scrolls of remove curse
 y - a scroll of identify
 C - a scroll of enchant armour
Potions
 h - 4 potions of flight
 j - 3 potions of haste
 m - 2 potions of heal wounds {unknown}
 o - 2 potions of invisibility {unknown}
 u - a potion of cancellation {unknown}
 w - 2 potions of brilliance {unknown}
 z - a potion of magic {unknown}
 A - a potion of might
 B - a potion of resistance {unknown}
 D - 3 potions of degeneration {unknown}
 F - 2 potions of curing


   Skills:
 + Level 7.0(12.0) Fighting
 + Level 3.5(8.5) Armour
 - Level 5.0(10.0) Dodging
 - Level 2.1(7.1) Stealth
 - Level 4.0(9.0) Shields
 * Level 10.2(15.2) Unarmed Combat
 + Level 2.2 Spellcasting
 - Level 0.8 Transmutations
 - Level 6.7 Earth Magic


You had 12 spell levels left.
You knew the following spells:

 Your Spells              Type           Power        Failure   Level
a - Sandblast             Erth           36%          6%          1

Your spell library contained the following spells:

 Spells                   Type           Power        Failure   Level
 Passwall                 Tmut/Erth      9%           28%         2
 Stone Arrow              Conj/Erth      20%          56%         3
 Magic Dart               Conj           4%           67%         1
 Blink                    Tloc           N/A          80%         2
 Call Imp                 Summ           1%           80%         2
 Slow                     Hex            1%           80%         2
 Lee's Rapid Deconstruct  Erth           9%           85%         5
 Petrify                  Tmut/Erth      11%          88%         4
 Conjure Flame            Conj/Fire      1%           95%         3
 Mephitic Cloud           Conj/Pois/Air  1%           95%         3
 Beastly Appendage        Tmut           Unusable     N/A         1
 Wereblood                Tmut           Unusable     N/A         2
 Spider Form              Tmut/Pois      Unusable     N/A         3
 Ice Form                 Ice/Tmut       Unusable     N/A         4
 Blade Hands              Tmut           Unusable     N/A         5

Dungeon Overview and Level Annotations

Branches:
Dungeon (8/15)             Temple (1/1) D:5            Lair (1/6) D:8
  Sewer (visited)

Altars:
Dithmenos
Kikubaaqudgha
Makhleb
Okawaru
Ru
Sif Muna
The Shining One

Annotations:
D:7 1 runed translucent door


Innate Abilities, Weirdness & Mutations

You thrive by killing the living.
You are immune to poison.
You have sharp fingernails.
Your flesh is cold resistant. (rC+)
You are immune to negative energy. (rN+++)
You do not regenerate when monsters are visible.
You are immune to unholy pain and torment.
You can survive without breathing.


Message History

* * * LOW HITPOINT WARNING * * *
You block the polar bear's attack.
The polar bear claws you but does no damage.
You barely miss the polar bear.
The polar bear is severely wounded.
The polar bear goes berserk!
Okay, then.
You gain the combat prowess of a mighty hero.
You block the polar bear's attack.
The polar bear claws you but does no damage.
The polar bear claws you.
* * * LOW HITPOINT WARNING * * *
You barely miss the polar bear.
The polar bear is severely wounded.
The polar bear barely misses you. The polar bear misses you.
The polar bear claws you but does no damage.
You claw the polar bear!
The polar bear is almost dead.
The polar bear bites you!!
You die...

..............#..................
.....#...........................
...##............................
....[............................
..............#...#..............
...........###.....####........†.
......###### #.....# ##.#.#.....
.....## ##..h..# #####.....
....## #...@..## #..... ....#
#.......# ##.... ....# ##.......#
##... ...#.# #P.......## ##...
..#### #.........# #P... ..#
#........## ###.. .. #.......###
#.#. ## ##......##P## ###.
###........#..# #P.


You could see a polar bear (berserk).

Vanquished Creatures
  Fannar (D:7)
  2 cane toads (Lair:1)
  A komodo dragon (D:8)
  Grinder (D:3)
  Menkaure (D:5)
  Eustachio (D:6)
  3 water moccasins
  Purgy (Sewer)
  A black bear (D:6)
  3 ogres
  A necrophage (D:8)
  2 centaurs (D:8)
  Blork the orc (D:6)
  4 bullfrogs
  2 scorpions
  2 howler monkeys (D:5)
  A bullfrog zombie (D:5)
  A centaur zombie (D:8)
  3 orc priests
  2 centaur skeletons
  A jelly (D:7)
  A hound (D:6)
  A bullfrog skeleton (D:5)
  A gnoll shaman (D:8)
  2 iguanas
  11 orc wizards
  6 worker ants
  A killer bee zombie (D:7)
  2 hound zombies
  3 hound skeletons
  18 gnolls
  5 adders
  3 shadow imps
  3 white imps (D:8)
  2 ufetubi
  An ooze (D:4)
  5 worms
  2 dart slugs
  3 leopard geckos
  21 orcs
  3 ball pythons
  5 bats
  3 giant cockroaches
  3 goblins
  13 hobgoblins
  7 jackals
  4 quokkas
  7 frilled lizards
  A giant cockroach zombie (D:5)
  12 kobolds
  4 rats
  5 rat zombies (D:8)
193 creatures vanquished.

Vanquished Creatures (others)
  19 plants
19 creatures vanquished.

Grand Total: 212 creatures vanquished

Notes
Turn   | Place    | Note
-------+----------+-------------------------------------------
     0 | D:1      | roke1 the Ghoul Earth Elementalist began the quest for the
                  | Orb.
     0 | D:1      | Reached XP level 1. HP: 14/14 MP: 2/2
   356 | D:1      | Reached skill level 1 in Unarmed Combat
   356 | D:1      | Reached XP level 2. HP: 22/22 MP: 1/3
  1260 | D:1      | Reached skill level 1 in Fighting
  1444 | D:2      | Reached XP level 3. HP: 28/28 MP: 2/4
  1854 | D:2      | Reached skill level 2 in Unarmed Combat
  2477 | D:3      | Noticed Grinder
  2506 | D:3      | Killed Grinder
  2507 | D:3      | Reached skill level 3 in Unarmed Combat
  2507 | D:3      | Reached XP level 4. HP: 5/37 MP: 1/5
  2507 | D:3      | Reached XP level 5. HP: 6/42 MP: 1/6
  2507 | D:3      | Reached XP level 6. HP: 7/50 MP: 1/7
  2836 | D:3      | Found a glowing drain.
  2844 | Sewer    | Entered a sewer
  2900 | Sewer    | Noticed Purgy
  2925 | Sewer    | Killed Purgy
  2926 | Sewer    | Reached skill level 4 in Unarmed Combat
  4005 | D:4      | Reached XP level 7. HP: 37/57 MP: 8/8
  4199 | D:4      | Reached skill level 1 in Shields
  4224 | D:4      | Reached skill level 5 in Unarmed Combat
  4492 | D:3      | HP: 1/57 [iguana (10)]
  5382 | D:4      | Found a sacrificial altar of Ru.
  5521 | D:5      | Entered Level 5 of the Dungeon
  5644 | D:5      | Reached XP level 8. HP: 66/66 MP: 9/9
  5825 | D:5      | Found a shadowy altar of Dithmenos.
  5825 | D:5      | Found a glowing golden altar of the Shining One.
  5826 | D:5      | Found an iron altar of Okawaru.
  5832 | D:5      | Became a worshipper of Warmaster Okawaru
  5861 | D:5      | Found a staircase to the Ecumenical Temple.
  5905 | Temple   | Entered the Ecumenical Temple
  6134 | D:5      | Reached skill level 6 in Unarmed Combat
  6620 | D:5      | Found a shimmering blue altar of Sif Muna.
  6713 | D:6      | Noticed Menkaure
  6718 | D:6      | Noticed Eustachio
  6746 | D:5      | Killed Menkaure
  6832 | D:6      | Noticed Blork the orc
  6848 | D:6      | Killed Blork the orc
  7006 | D:5      | Reached * piety under Okawaru
  7272 | D:5      | Reached skill level 7 in Unarmed Combat
  7491 | D:5      | Reached XP level 9. HP: 60/73 MP: 10/10
  7540 | D:5      | Reached skill level 5 in Fighting
  7787 | D:6      | Killed Eustachio
  7871 | D:6      | Reached skill level 5 in Earth Magic
  8617 | D:6      | Reached skill level 5 in Dodging
  8701 | D:6      | Reached skill level 8 in Unarmed Combat
  8826 | D:7      | Reached ** piety under Okawaru
  9031 | D:7      | Found a runed translucent door.
  9031 | D:7      | Noticed a sixfirhy
  9302 | D:8      | Reached skill level 1 in Armour
 10023 | D:8      | Found a burning altar of Makhleb.
 10380 | D:8      | Found an ancient bone altar of Kikubaaqudgha.
 10432 | D:8      | Found a staircase to the Lair.
 10432 | D:8      | Noticed a komodo dragon
 10476 | D:8      | Killed a komodo dragon
 10477 | D:8      | Reached skill level 9 in Unarmed Combat
 10573 | D:8      | Noticed an Executioner
 10609 | Lair:1   | Entered Level 1 of the Lair of Beasts
 10691 | Lair:1   | Noticed Fannar
 11240 | Lair:1   | Noticed an eight-headed hydra
 11258 | D:8      | Reached XP level 10. HP: 74/84 MP: 11/11
 11411 | D:7      | Killed Fannar
 11411 | D:7      | Reached *** piety under Okawaru
 11679 | D:8      | HP: 2/84 [eight-headed hydra (5)]
 12476 | Lair:1   | Noticed a cane toad
 12485 | Lair:1   | Killed a cane toad
 12486 | Lair:1   | Reached skill level 10 in Unarmed Combat
 12580 | Lair:1   | Noticed a cane toad
 12596 | Lair:1   | Killed a cane toad
 12897 | Lair:1   | Slain by a polar bear

Illustrated notes

Levels and vault maps discovered:
D:1:      dpeg_arrival_solitude, layout_loops_corners, minivault_4,
          minmay_misc_feat_secret_circle, glass_columns_c
D:2:      layout_rooms
D:3:      layout_basic, cheibrodos_sewer_entry_bend, uniq_grinder
D:4:      layout_loops_ring, kennysheep_mini
D:5:      layout_gridville, lemuel_round_altar, gammafunk_temple_overflow_claw,
          minmay_temple_entry_butterflies
D:6:      layout_rooms, uniq_blork_the_orc, uniq_menkaure, uniq_eustachio
D:7:      cheibrodos_shockbox, layout_cave_pools
D:8:      layout_loops_ring, lemuel_zombie_altar_kikubaaqudgha,
          david_lair_shrubbed, makhleb_altar_promises_db
Temple:   regret_index_temple_generic_petals
Lair:1:   layout_hall_layers, enter_volcano_4, grunt_forest_stairs_basic,
          uniq_fannar

Skill      XL: |  1  2  3  4  5  6  7  8  9 10 |
---------------+-------------------------------+-----
Unarmed Combat | 1 3 4 5 7 9 10 | 10.2
Dodging        | 2 3 4 5 |  5.0
Fighting       | 1 2 3 4 6 7 |  7.0
Earth Magic    | 4 6 |  6.7
Shields        | 2 4 |  4.0
Armour         | 2 3 |  3.5
Spellcasting   | 2 |  2.2
Stealth        | |  2.1
Transmutations | |  0.8

Action                   |  1- 3 |  4- 6 |  7- 9 | 10-12 || total
-------------------------+-------+-------+-------+-------++-------
Melee: Unarmed           |   162 |   148 |   715 |   100 ||  1125
       Punch             |     2 |       |       |       ||     2
 Cast: Sandblast         |    22 |     1 |     6 |       ||    29
Invok: Heroism           |       |       |       |     3 ||     3
Evoke: Wand              |       |       |     4 |       ||     4
  Use: Scroll            |     8 |     2 |    10 |     1 ||    21
       Potion            |       |     1 |     4 |       ||     5
 Stab: Sleeping          |     3 |       |       |       ||     3
Armor: Robe              |    11 |       |       |       ||    11
       Ring mail         |    17 |    64 |    50 |       ||   131
       Scale mail        |       |       |   232 |    52 ||   284
Dodge: Dodged            |   102 |    78 |   282 |    57 ||   519
Block: Buckler           |       |       |   127 |    20 ||   147
